 Dungeon Crawl Stone Soup version 0.13-a0-2733-g5d3b754 (webtiles) character file.

49514 4tharraofdagon the Thaumaturge (level 13, -7/86 HPs)
             Began as a Demigod Fire Elementalist on Aug 20, 2013.
             Mangled by an orc warrior
             ... wielding a -1,+1 orcish halberd
              (25 damage)
             ... on Level 4 of the Orcish Mines.
             The game lasted 01:35:20 (11604 turns).

4tharraofdagon the Thaumaturge (DgFE)              Turns: 11604, Time: 01:35:20

HP  -7/86        AC  6     Str 12      XL: 13   Next: 71%
MP  11/35        EV 18     Int 32      God:
Gold 2056        SH 10     Dex 17      Spells:  5 memorised, 19 levels left

Res.Fire  : + . .   See Invis. : .   g - +3,+5 elf dagger (venom)
Res.Cold  : . . .   Warding    : .   S - +2 orc robe {MR+}
Life Prot.: . . .   Conserve   : .   K - +0 dwarf buckler
Res.Poison: .       Res.Corr.  : .   E - -2 wizard hat "Mnaf" {+Blink rF+ Int+3}
Res.Elec. : .       Clarity    : .   D - +2 orc cloak
Sust.Abil.: . .     Spirit.Shd : .   X - +0 pair of gauntlets
Res.Mut.  : .       Stasis     : .   (no boots)
Res.Rott. : .       Flight     : .   (no amulet)
Saprovore : . . .                    R - +6 ring of evasion
                                     P - +2 ring of intelligence

@: quite resistant to hostile enchantments, fairly stealthy
A: no striking features
a: Evoke Blink


You were on level 4 of the Orcish Mines.
You were hungry.

You visited 3 branches of the dungeon, and saw 23 of its levels.

You collected 2036 gold pieces.

Inventory:

Hand weapons
 g - a +3,+5 elven dagger of venom (weapon)
 J - a +0 blowgun
Missiles
 l - 3 javelins of returning (quivered)
 L - 4 curare-tipped needles
Armour
 a - a +2 wizard hat of magic resistance
 C - the +2 helmet of an ossuary {rPois}
   (You found it on level 8 of the Lair of Beasts)

   It protects you from poison.
 D - a +2 orcish cloak (worn)
 E - the -2 wizard hat "Mnaf" (worn) {+Blink rF+ Int+3}
   (You found it on level 8 of the Dungeon)

   It affects your intelligence (+3).
   It protects you from fire.
   It lets you blink.
 K - a +0 dwarven buckler (worn)
 S - a +2 orcish robe of magic resistance (worn)
 X - a +0 pair of gauntlets (worn)
Magical devices
 j - a wand of cold (12)
 u - a wand of disintegration (12) {unknown}
 v - a wand of paralysis (9) {unknown}
 x - a wand of cold (4)
 B - a wand of frost (8) {unknown}
 G - a wand of digging (13) {unknown}
 N - a wand of lightning (6) {unknown}
 O - a wand of digging (10) {unknown}
 U - a wand of lightning (6) {unknown}
 W - a wand of teleportation (2)
Comestibles
 c - 9 bread rations
 i - 4 meat rations {iiiiiiiiiiiiiiiiiiiiiiiiiiiiiiiiiiiiiiiiiiiiiiiiiiiiiiiiiiiiiiiiiiiiiiiiiiiiii}
Scrolls
 e - 4 scrolls of teleportation
 f - 6 scrolls of remove curse
 m - a scroll of enchant armour
 o - 2 scrolls of fog
 y - 2 scrolls of magic mapping {unknown}
 F - 2 scrolls of blinking {unknown}
 H - a scroll of amnesia
 V - 5 scrolls of noise {unknown}
Jewellery
 k - a +2 ring of dexterity
 q - a +3 ring of protection
 t - an uncursed ring of ice
 P - a +2 ring of intelligence (left hand)
 R - a +6 ring of evasion (right hand)
 Z - an uncursed ring of see invisible
Potions
 n - 2 potions of poison {unknown}
 s - 5 potions of heal wounds
 w - a potion of restore abilities
 z - 2 potions of speed
 I - a potion of brilliance
 M - a potion of agility
 T - a potion of magic {unknown}
 Y - 3 potions of curing
Books
 b - a book of Flames

   Spells                             Type                      Level
   *Flame Tongue                      Conjuration/Fire             1
   Throw Flame                        Conjuration/Fire             2
   *Conjure Flame                     Conjuration/Fire             3
   Inner Flame                        Hexes/Fire                   3
   *Sticky Flame                      Conjuration/Fire             4
   *Fireball                          Conjuration/Fire             5
Magical staves
 p - an uncursed staff of wizardry
Miscellaneous
 d - a plain deck of war {Swap}


   Skills:
 - Level 1.7 Dodging
 - Level 1.7 Stealth
 - Level 2.0 Shields
 + Level 13.4 Spellcasting
 * Level 11.2 Conjurations
 - Level 6.6 Charms
 * Level 11.4 Fire Magic


You had 19 spell levels left.
You knew the following spells:

 Your Spells              Type           Power        Failure   Level  Hunger
a - Flame Tongue          Conj/Fire      #####        1%          1    None
b - Conjure Flame         Conj/Fire      #######.     1%          3    None
c - Sticky Flame          Conj/Fire      #######.     1%          4    None
d - Fireball              Conj/Fire      #######...   1%          5    None
e - Haste                 Chrm           ######..     21%         6    ###....


Dungeon Overview and Level Annotations

Branches:
Dungeon (11/27)               Orc (4/4) D:6             Elf (0/3) Orc:4
   Lair (8/8) D:10         Shoals (0/5) Lair:6        Slime (0/6) Lair:7
 Temple: D:4-7        Swamp: Lair:3-6     Snake: Lair:3-6    Spider: Lair:3-6

Annotations
D:2 Ijyb
Orc:3 2 exclusions
Lair:6 KRAKEN DEN


Message History

You start resting.
The orc warrior throws an orcish dagger.
The orcish dagger misses you.
You are feeling hungry.
The orc warrior hits you with an orcish halberd!
Casting: Fireball
Confirm with . or Enter, or press ? or * to list all spells.
Aiming: Sticky Flame
Press: ? - help, Shift-Dir - straight line, f - orc warrior
Aim: an orc warrior, wielding an orcish halberd and wearing an orcish chain mail The sticky flame hits the orc warrior.
The orc warrior is heavily wounded.
The orc warrior is covered in liquid flames!
The orc warrior burns!
The orc warrior hits you with an orcish halberd!
* * * LOW HITPOINT WARNING * * *
Unknown command.
The orc warrior burns!
The orc warrior hits you from afar with an orcish halberd!
You die...

.#....................
...........).........
...).......)..........
.##)#)......)........
#..#.......).......
#..#..............# ##
#..#...)..........# .#
#.8#.........)....# )#
####...........@..# .# #
.................# .# .)#.
................oo##'#..)oo.
......................#.#
...............).......#
.........>.............#
....................#..
...........#.......# #
...........#.....##


You could see an orc warrior (burning) and an orc.

Vanquished Creatures
  An orc warlord (Orc:3)
  Gastronok (Orc:2)
  3 hydras
  15 death yaks
  An orc high priest (Orc:3)
  4 catoblepae
  An orc knight (Orc:1)
  2 hill giants (D:10)
  A spiny worm (Lair:6)
  A deep elf conjurer (Orc:3)
  An orc sorcerer (Orc:3)
  14 elephants
  9 spiny frogs
  An orange demon (Orc:3)
  Grinder (D:4)
  5 komodo dragons
  The ghost of 4tharraofdagon the Magician, an average DgFE (D:9)
  2 trolls (Orc:1)
  A snapping turtle (Lair:6)
  A hydra skeleton (D:8)
  A deep elf mage (Orc:3)
  8 blink frogs
  A basilisk (Lair:2)
  A wyvern (D:10)
  33 yaks
  2 elephant slugs (Lair:7)
  A hill giant zombie (D:10)
  4 hippogriffs
  13 wolves
  4 deep elf fighters (Orc:3)
  A hungry ghost (D:7)
  A hill giant skeleton (D:9)
  9 necrophages
  4 porcupines
  2 phantoms
  11 orc warriors
  2 ice beasts
  6 ogres
  A sky beast (D:9)
  10 water moccasins
  9 crocodiles
  A warg (Orc:1)
  3 centaurs
  A giant slug (Lair:8)
  15 giant frogs
  5 agate snails
  A goliath beetle (D:10)
  A giant frog zombie (D:5)
  A centaur zombie (D:6)
  A quasit (D:6)
  6 jellies
  4 hounds
  A scorpion (D:7)
  17 orc priests
  3 giant frog skeletons
  22 orc wizards
  9 worker ants
  9 sheep
  4 gnolls (Orc:2)
  17 green rats
  2 giant centipedes
  3 giant mites
  15 adders
  A goliath beetle zombie (D:6)
  2 worms
  2 adder skeletons
  2 giant eyeballs
  114 orcs
  A bat skeleton (D:7)
  3 giant cockroaches
  A gnoll skeleton (D:6)
  10 hobgoblins
  3 jackals (D:7)
  8 kobolds
  5 quokkas
  15 bats
  4 giant geckos
  16 goblins
  An orc skeleton (D:6)
  An orc zombie (D:6)
  15 rats
  A fungus (Lair:4)
536 creatures vanquished.

Vanquished Creatures (others)
  2 fungi
  2 plants
4 creatures vanquished.

Grand Total: 540 creatures vanquished

Notes
Turn   | Place    | Note
--------------------------------------------------------------
     0 | D:1      | 4tharraofdagon, the Demigod Fire Elementalist, began the quest for the Orb.
     0 | D:1      | Reached XP level 1. HP: 14/14 MP: 5/5
   116 | D:1      | Reached skill level 1 in Conjurations
   195 | D:2      | Reached XP level 2. HP: 14/20 MP: 3/6
   393 | D:2      | Found a shattered altar of Ashenzari.
   419 | D:2      | Noticed Ijyb
   628 | D:3      | Found a basalt altar of Yredelemnul.
   686 | D:3      | Found an iron altar of Okawaru.
   757 | D:5      | Entered Level 5 of the Dungeon
   779 | D:5      | Noticed a phantom
   823 | D:4      | Noticed Grinder
   848 | D:4      | Reached XP level 3. HP: 26/26 MP: 3/9
   853 | D:4      | Learned a level 3 spell: Conjure Flame
   913 | D:4      | Paralysed by Grinder for 4 turns
   927 | D:4      | Reached skill level 3 in Fire Magic
   930 | D:4      | Killed Grinder
   930 | D:4      | Reached XP level 4. HP: 29/33 MP: 1/13
   930 | D:4      | Reached XP level 5. HP: 33/38 MP: 1/15
   950 | D:4      | Learned a level 4 spell: Sticky Flame
  1028 | D:5      | Killed a phantom
  1028 | D:5      | Reached skill level 4 in Spellcasting
  1028 | D:5      | Reached XP level 6. HP: 31/45 MP: 5/18
  1035 | D:5      | Learned a level 5 spell: Fireball
  1167 | D:5      | Noticed an ogre
  1178 | D:5      | Killed an ogre
  1265 | D:5      | Paralysed by a giant eyeball for 3 turns
  1370 | D:5      | Found a white marble altar of Elyvilon.
  1378 | D:5      | Reached XP level 7. HP: 26/50 MP: 12/21
  1578 | D:6      | Noticed an orc warrior
  1588 | D:6      | Reached skill level 5 in Spellcasting
  1597 | D:6      | Killed an orc warrior
  2427 | D:7      | Reached skill level 5 in Fire Magic
  2522 | D:8      | Found a bloodstained altar of Trog.
  2575 | D:8      | Noticed an eight-headed hydra skeleton
  2594 | D:8      | Killed an eight-headed hydra skeleton
  2594 | D:8      | Reached skill level 6 in Spellcasting
  2594 | D:8      | Reached XP level 8. HP: 44/57 MP: 5/23
  2909 | D:9      | Noticed 4tharraofdagon's ghost (average DgFE)
  2930 | D:10     | Entered Level 10 of the Dungeon
  3133 | D:9      | Killed 4tharraofdagon's ghost
  3133 | D:9      | Reached skill level 7 in Spellcasting
  3133 | D:9      | Reached skill level 5 in Conjurations
  3212 | D:10     | Noticed a hill giant
  3220 | D:10     | Killed a hill giant
  3220 | D:10     | Reached XP level 9. HP: 56/62 MP: 12/26
  3277 | D:10     | Noticed a hill giant
  3285 | D:10     | Killed a hill giant
  3285 | D:10     | Reached skill level 8 in Spellcasting
  3290 | D:10     | Paralysed by a giant eyeball for 3 turns
  3551 | D:10     | Found a staircase to the Lair.
  3629 | Lair:1   | Entered Level 1 of the Lair of Beasts
  3856 | Lair:2   | Reached skill level 9 in Spellcasting
  3862 | Lair:2   | Noticed a spiny frog
  3868 | Lair:2   | Killed a spiny frog
  3917 | Lair:3   | Noticed a spiny frog
  3924 | Lair:3   | Noticed an elephant
  3924 | Lair:3   | Reached XP level 10. HP: 44/69 MP: 24/29
  3933 | Lair:3   | Noticed an elephant
  3935 | Lair:3   | Noticed an elephant
  3936 | Lair:3   | Noticed an elephant
  3940 | Lair:3   | Killed an elephant
  3946 | Lair:3   | Killed an elephant
  3949 | Lair:3   | Killed an elephant
  3950 | Lair:3   | Killed an elephant
  4003 | Lair:3   | Reached skill level 10 in Spellcasting
  4228 | Lair:3   | Killed a spiny frog
  4549 | Lair:3   | Noticed a spiny frog
  4553 | Lair:3   | Noticed a spiny frog
  4559 | Lair:3   | Killed a spiny frog
  4562 | Lair:3   | Killed a spiny frog
  4640 | Lair:3   | Reached XP level 11. HP: 23/74 MP: 11/31
  5069 | Lair:4   | Reached skill level 11 in Spellcasting
  5081 | Lair:4   | Noticed a five-headed hydra
  5094 | Lair:4   | Killed a five-headed hydra
  5277 | Lair:3   | Noticed a death yak
  5277 | Lair:3   | Noticed a death yak
  5277 | Lair:3   | Noticed a death yak
  5291 | Lair:4   | Killed a death yak
  5386 | Lair:3   | Noticed a spiny frog
  5392 | Lair:3   | Killed a spiny frog
  5445 | Lair:3   | Killed a death yak
  5451 | Lair:3   | Killed a death yak
  5677 | Lair:5   | Noticed a catoblepas
  5688 | Lair:5   | Killed a catoblepas
  5839 | Lair:6   | Noticed a death yak
  5839 | Lair:6   | Noticed a death yak
  5839 | Lair:6   | Noticed a death yak
  5839 | Lair:6   | Noticed a death yak
  5858 | Lair:6   | Killed a death yak
  5859 | Lair:6   | Killed a death yak
  5888 | Lair:6   | Noticed a five-headed hydra
  5891 | Lair:6   | Killed a death yak
  5891 | Lair:6   | Reached skill level 12 in Spellcasting
  5891 | Lair:6   | Killed a death yak
  6047 | Lair:6   | Gained mutation: Your magical capacity is low (-10% MP). [potion of mutation]
  6047 | Lair:6   | Gained mutation: Your body is slowly deteriorating. [potion of mutation]
  6047 | Lair:6   | Gained mutation: You occasionally shout uncontrollably. [potion of mutation]
  6095 | Lair:6   | Lost mutation: You occasionally shout uncontrollably. [potion of cure mutation]
  6095 | Lair:6   | Lost mutation: Your body is slowly deteriorating. [potion of cure mutation]
  6095 | Lair:6   | Lost mutation: Your magical capacity is low (-10% MP). [potion of cure mutation]
  6172 | Lair:6   | Killed a five-headed hydra
  6172 | Lair:6   | Reached XP level 12. HP: 70/81 MP: 25/33
  6396 | Lair:6   | Found a staircase to the Shoals.
  6556 | Lair:7   | Reached skill level 10 in Fire Magic
  6566 | Lair:7   | Found a staircase to the Slime Pits.
  6748 | Lair:8   | Entered Level 8 of the Lair of Beasts
  6748 | Lair:8   | Noticed a six-headed hydra
  6755 | Lair:8   | Killed a six-headed hydra
  7015 | Lair:8   | Reached skill level 13 in Spellcasting
  7030 | Lair:8   | Reached skill level 10 in Conjurations
  7150 | Lair:8   | Identified a scroll of acquirement
  7153 | Lair:8   | acq=staff of wiz :(
  7422 | Lair:8   | Learned a level 6 spell: Haste
  7458 | Lair:8   | Reached skill level 1 in Charms
  7829 | Lair:8   | Reached skill level 5 in Charms
  7832 | Lair:8   | Reached XP level 13. HP: 39/86 MP: 15/35
  8116 | Lair:8   | Got a steaming helmet
  8125 | Lair:8   | Identified the +2 helmet of an ossuary {rPois} (You found it on level 8 of the Lair of Beasts)
  8454 | Lair:7   | Reached skill level 1 in Shields
  9313 | D:10     | Paralysed by a giant eyeball for 3 turns
  9462 | D:8      | Found a snail-covered altar of Cheibriados.
  9598 | D:8      | Got a twisted wizard hat
  9602 | D:8      | Identified the cursed -2 wizard hat "Mnaf" {+Blink rF+ Int+3} (You found it on level 8 of the Dungeon)
  9905 | D:6      | Noticed a water moccasin
  9912 | D:6      | Killed a water moccasin
 10052 | D:6      | Noticed an orc warrior
 10080 | D:6      | Killed an orc warrior
 10112 | D:6      | Found a staircase to the Orcish Mines.
 10120 | Orc:1    | Entered Level 1 of the Orcish Mines
 10690 | Orc:2    | Noticed Gastronok
 10707 | Orc:2    | Killed Gastronok
 10873 | Orc:1    | 4tharraofdagon: orc dance
 10945 | Orc:1    | Bastard: samba de orc
 11056 | Orc:3    | Found a shimmering altar of Xom.
 11169 | Orc:3    | Noticed an orc warlord
 11220 | Orc:3    | Killed an orc warlord
 11496 | Orc:4    | Entered Level 4 of the Orcish Mines
 11575 | Orc:4    | Found a staircase to the Elven Halls.
 11604 | Orc:4    | Mangled by an orc warrior

Action                   |  1- 3 |  4- 6 |  7- 9 | 10-12 | 13-15 || total
-------------------------+-------+-------+-------+-------+-------++-------
Melee: Unarmed           |    13 |       |       |       |       ||    13
       Dagger            |    13 |    10 |   145 |   221 |   393 ||   782
       Staff             |       |       |       |    14 |       ||    14
       Blowgun           |       |       |       |     3 |       ||     3
 Fire: Blowgun           |       |       |       |     6 |     3 ||     9
 Cast: Flame Tongue      |    20 |    17 |    52 |    36 |    13 ||   138
       Conjure Flame     |     2 |     3 |    29 |    76 |    27 ||   137
       Sticky Flame      |       |     3 |    36 |   105 |    72 ||   216
       Fireball          |       |       |       |    10 |    42 ||    52
Evoke: Wand              |       |       |       |     3 |     4 ||     7
  Use: Potion            |     2 |       |       |     6 |     1 ||     9
       Scroll            |       |       |    17 |     8 |     8 ||    33
 Stab: Sleeping          |       |     1 |     1 |     2 |     4 ||     8
       Distracted        |       |       |       |       |     1 ||     1
